 Dungeon Crawl Stone Soup version 0.17-a0-744-gaa96792 (webtiles) character file.

374 Tunnel the Twirler (level 6, -3/48 HPs)
             Began as a Demigod Gladiator on Apr 21, 2015.
             Shot with an arrow by a centaur (11 damage)
             ... on level 5 of the Dungeon.
             The game lasted 00:11:32 (5115 turns).

Tunnel the Twirler (Demigod Gladiator)              Turns: 5115, Time: 00:11:33

Health: -3/48      AC:  7    Str: 18    XL:     6   Next: 19%
Magic:  8/8        EV: 14    Int: 12    God:
Gold:   173        SH:  0    Dex: 20    Spells: 0 memorised, 5 levels left

rFire  . . .     SeeInvis .     a - +0 quarterstaff
rCold  . . .     Clarity  .     c - +0 ring mail
rNeg   . . .     SustAb   +     (no shield)
rPois  .         Gourm    .     e - +1 helmet
rElec  .         Spirit   .     (no cloak)
rCorr  .         Warding  .     (no gloves)
rMut   .         Stasis   .     (no boots)
MR     .....                    v - amulet of inaccuracy (curse)
Stlth  +.........               (no ring)
                                q - ring of flight

@: not resistant to hostile enchantments, very unstealthy
A: high mp 1, sustain abilities
a: Evoke Flight


You were on level 5 of the Dungeon.
You were not hungry.

You visited 1 branch of the dungeon, and saw 5 of its levels.

You collected 173 gold pieces.

Inventory:

Hand weapons
 a - a +0 quarterstaff (weapon)
 m - a +0 hunting sling
 I - a +0 blowgun
Missiles
 d - 2 throwing nets
 f - 40 bolts
 g - 169 stones
 i - 53 sling bullets
 l - 9 bolts of frost
 r - 60 arrows
 t - 28 poisoned needles
 u - a javelin (quivered)
 x - a poisoned javelin
 y - 2 tomahawks
Armour
 b - a +0 leather armour
 c - a +0 ring mail (worn)
 e - a +1 helmet (worn)
Jewellery
 q - a ring of flight (left hand)
 v - a cursed amulet of inaccuracy (around neck)
 G - an uncursed ring of see invisible {unknown}
Scrolls
 h - 2 scrolls of identify
 p - 3 scrolls of teleportation
 s - 2 scrolls of enchant armour
 A - 2 scrolls of blinking {unknown}
 C - 2 scrolls of fog {unknown}
 F - 3 scrolls of remove curse {unknown}
 H - a scroll of random uselessness {unknown}
Potions
 j - a potion of ambrosia
 k - a potion of heal wounds {unknown}
 z - a potion of agility
 E - a potion of might {unknown}
 J - a potion of restore abilities {unknown}
Comestibles
 n - 3 bread rations
 o - a meat ration
 w - a slice of pizza
 B - a beef jerky


   Skills:
 - Level 1.8 Fighting
 * Level 5.7 Staves
 - Level 1.9 Throwing
 + Level 4.2 Dodging


You had 5 spell levels left.
You didn't know any spells.

Dungeon Overview and Level Annotations

Branches:
Dungeon (5/15)             Temple (0/1) D:4

Annotations:
D:4 Sigmund


Innate Abilities, Weirdness & Mutations

You have an increased reservoir of magic (+10% MP).
Your attributes are resistant to harm.


Message History

* * * LOW HITPOINT WARNING * * *
You see here an arrow.
Unknown command.
The centaur shoots an arrow.
The arrow hits you.
* * * LOW HITPOINT WARNING * * *
You see here an arrow.
Throwing (i - inventory. (,) - cycle):
u - 3 javelins (quivered)
Press: ? - help, Shift-Dir - straight line, f - centaur
Aim: a centaur, wielding a shortbow You throw a javelin.
The javelin hits the centaur.
The centaur is lightly wounded.
The centaur shoots an arrow.
The arrow misses you.
Throwing (i - inventory. (,) - cycle):
u - 2 javelins (quivered)
Press: ? - help, Shift-Dir - straight line, f/p - centaur
Aim: a centaur, wielding a shortbow (lightly wounded)
You throw a javelin. The javelin closely misses the centaur.
The centaur shoots an arrow.
The arrow hits you.
* * * LOW HITPOINT WARNING * * *
The centaur shoots an arrow.
The arrow hits you!
You die...

... ##.# .
#.#
#####(###
#....(((#
#.c..".##c#
###.... #.#
#.... #.#
#..... #.##
#..... #@.#
..... ##.#
.... .# .
.# .# .. ..
.. #


You could see a centaur.

Vanquished Creatures
  A scorpion (D:3)
  A hound (D:4)
  2 orc wizards (D:4)
  2 orc priests (D:4)
  2 worker ants (D:4)
  Robin (D:4)
  3 adders
  An ooze (D:2)
  An adder skeleton (D:4)
  2 worms
  9 orcs
  8 bats
  A bat skeleton (D:4)
  A giant cockroach (D:2)
  8 hobgoblins
  2 ball pythons
  5 giant newts
  19 goblins
  4 jackals
  8 kobolds
  8 rats
89 creatures vanquished.

Notes
Turn   | Place    | Note
--------------------------------------------------------------
     0 | D:1      | Tunnel, the Demigod Gladiator, began the quest for the Orb.
     0 | D:1      | Reached XP level 1. HP: 17/17 MP: 3/3
   299 | D:1      | Reached skill level 3 in Staves
   510 | D:1      | Reached XP level 2. HP: 24/24 MP: 4/4
  1151 | D:2      | Found a shattered altar of Ashenzari.
  1163 | D:2      | Reached XP level 3. HP: 26/29 MP: 5/5
  1261 | D:2      | Found an iron altar of Okawaru.
  1494 | D:2      | Found a snail-covered altar of Cheibriados.
  1497 | D:2      | Found a shimmering altar of Xom.
  1500 | D:2      | Found an ancient bone altar of Kikubaaqudgha.
  1501 | D:2      | Found a white marble altar of Elyvilon.
  1503 | D:2      | Found a basalt altar of Yredelemnul.
  2074 | D:3      | Reached skill level 4 in Staves
  2958 | D:3      | Reached XP level 4. HP: 24/36 MP: 6/6
  3330 | D:4      | Noticed Sigmund
  3486 | D:3      | Reached XP level 5. HP: 18/41 MP: 7/7
  3690 | D:4      | Reached skill level 5 in Staves
  3848 | D:4      | Noticed Robin
  3871 | D:4      | Killed Robin
  4279 | D:4      | Found a glowing silver altar of Zin.
  4308 | D:4      | Found a staircase to the Ecumenical Temple.
  4494 | D:4      | Reached XP level 6. HP: 46/48 MP: 8/8
  5098 | D:5      | Entered Level 5 of the Dungeon
  5115 | D:5      | Shot with an arrow by a centaur

Action                   |  1- 3 |  4- 6 || total
-------------------------+-------+-------++-------
Melee: Quarterstaff      |   136 |   174 ||   310
Throw: Javelin           |       |    20 ||    20
       Throwing net      |       |     8 ||     8
  Use: Scroll            |     5 |       ||     5
       Potion            |       |     1 ||     1
 Stab: Sleeping          |     3 |     1 ||     4
       Held in net/web   |       |     3 ||     3
  Eat: Bread ration      |     1 |       ||     1
       Chunk             |     2 |     7 ||     9
